 Dungeon Crawl Stone Soup version 0.32-a0-928-g1cae6b7ea0 (webtiles) character file.

Game seed: 2962185166570283496

109 Autsider the Magician (level 5, -4/36 HPs)
             Began as a Djinni Conjurer on Apr 12, 2024.
             Slain by a river rat (8 damage)
             ... in a sewer.
             The game lasted 00:04:47 (2035 turns).

Autsider the Magician (Djinni Conjurer)             Turns: 2035, Time: 00:04:47

Health: -4/36      AC:  2    Str:  6    XL:     5   Next: 13%
Gold:   113        EV: 11    Int: 21    God:
                   SH:  0    Dex: 12

rFire   + + .        h - staff of air
rCold   x . .        (no shield)
rNeg    . . .        a - +0 robe
rPois   ∞            (no helmet)
rElec   +            (no cloak)
rCorr   .            (no gloves)
SInv    .            (boots unavailable)
Will    .....        (no amulet)
Stlth   ++           (no ring)
HPRegen 0.26/turn    (no ring)

%: infuse magic (-5 HP)
@: flying, very slightly contaminated
A: sickness immunity, fire resistance 2, cold vulnerability 1, float, innate
caster, HP casting, extra vitality 1
a: no special abilities


You were in a sewer.
You visited 1 branch of the dungeon, and saw 3 of its levels.
You also visited: Sewer.

You collected 113 gold pieces.

Inventory:

Missiles
 f - a throwing net
Armour
 a - a +0 robe (worn)
Magical Staves
 h - a staff of air (weapon)
Wands
 m - a wand of iceblast (6)
Scrolls
 b - a scroll of blinking {unknown}
 c - 2 scrolls of noise {unknown}
 d - a scroll of silence {unknown}
 e - 2 scrolls of identify {unknown}
 j - a scroll of amnesia {unknown}
 k - 2 scrolls of fear {unknown}
Potions
 g - a potion of cancellation {unknown}
 i - 2 potions of heal wounds {unknown}
 l - a potion of might {unknown}


   Skills:
 * Level 0.4 Fighting
 + Level 2.2 Dodging
 + Level 1.6 Stealth
 * Level 4.9 Spellcasting
 * Level 4.9 Conjurations
 * Level 4.9 Hexes
   Level 0.0 Charms
 * Level 4.9 Summonings
 * Level 4.9 Necromancy
 * Level 4.9 Translocations
   Level 0.0 Transmutations
 * Level 4.9 Fire Magic
 * Level 4.9 Ice Magic
 * Level 4.9 Air Magic
 * Level 4.9 Earth Magic
 * Level 4.9 Alchemy


You knew the following spells:

 Your Spells              Type           Power      Damage    Failure   Level
a - Magic Dart            Conj           100%       1d8       1%          1
b - Searing Ray           Conj           50%        2d6       2%          2
c - Fulminant Prism       Conj/Alch      12%        3d9       14%         4
d - Iskenderun's Mystic Conj/Tloc 25%            2d7        (+2d3     14%         4
e - Slow                  Hex            100%       N/A       1%          1
f - Scorch                Fire           50%        2d7       2%          2
Your spell library was empty.

Dungeon Overview and Level Annotations

Branches:
Dungeon (3/15)              Sewer (1/1)

Altars:


Innate Abilities, Weirdness & Mutations

You are immune to sickness and miasma.
You are immune to poison.
Your flesh is very heat resistant. (rF++)
You are vulnerable to cold. (rC-)
You float through the air rather than walking.
You learn spells naturally, not from books.
Your magical power is your life essence.
You have superior vitality. (+4 MHP)


Message History

The mystic blast hits the river rat!
The river rat is almost dead.
The river rat is knocked back by the mystic blast.
* * * LOW HITPOINT WARNING * * *
Casting: Iskenderun's Mystic Blast (quite dangerous; 14% risk of failure)
Confirm with . or Enter, or press ? or * to list all spells.
Aiming: Magic Dart (safe; 1% risk of failure)
Press: ? - help, Shift-Dir - straight line, f - river rat
Aim: a river rat (almost dead, 100% to hit)
The magic dart hits the river rat but does no damage.
The river rat is almost dead.
* * * LOW HITPOINT WARNING * * *
Casting: Magic Dart (safe; 1% risk of failure)
Confirm with . or Enter, or press ? or * to list all spells.
Aiming: Magic Dart (safe; 1% risk of failure)
Press: ? - help, Shift-Dir - straight line, f/p - river rat
Aim: a river rat (almost dead, 100% to hit)
The magic dart hits the river rat but does no damage.
The river rat is almost dead.
* * * LOW HITPOINT WARNING * * *
Casting: Magic Dart (safe; 1% risk of failure)
Confirm with . or Enter, or press ? or * to list all spells.
Aiming: Magic Dart (safe; 1% risk of failure)
Press: ? - help, Shift-Dir - straight line, f/p - river rat
Aim: a river rat (almost dead, 100% to hit)
The magic dart hits the river rat but does no damage.
The river rat is almost dead.
* * * LOW HITPOINT WARNING * * *
Casting: Magic Dart (safe; 1% risk of failure)
Confirm with . or Enter, or press ? or * to list all spells.
Aiming: Magic Dart (safe; 1% risk of failure)
Press: ? - help, Shift-Dir - straight line, f/p - river rat
Aim: a river rat (almost dead, 100% to hit)
The magic dart hits the river rat but does no damage.
The river rat is almost dead.
* * * LOW HITPOINT WARNING * * *
You are no longer firmly anchored in space.
You are no longer robbed of momentum.
The river rat bites you!
You die...

#~#
#.#
#.#
#.#
#†#
#.#
#†#
#@#
#r#
#.#
#†#
#.#
#.#
#.#
#.#


You could see a river rat.

Vanquished Creatures
  Jessica (D:2)
  2 river rats (Sewer)
  An adder (D:2)
  A dart slug (D:1)
  2 ribbon worms (D:2)
  3 ball pythons
  5 endoplasms
  5 giant cockroaches
  4 goblins
  3 hobgoblins
  8 kobolds
  3 quokkas
  2 bats (D:2)
  2 frilled lizards (D:1)
  8 rats
50 creatures vanquished.

Notes
Turn   | Place    | Note
-------+----------+-------------------------------------------
     0 | D:1      | Autsider the Djinni Conjurer began the quest for the Orb.
     0 | D:1      | Autsider set off with the following spells memorised: Magic
                  | Dart, Searing Ray, Fulminant Prism, Iskenderun's Mystic
                  | Blast.
     0 | D:1      | Reached XP level 1. HP: 15/15 MP: 0/0
   207 | D:1      | Reached XP level 2. HP: 18/21 MP: 0/0
   732 | D:1      | Reached XP level 3. HP: 19/25 MP: 0/0
   732 | D:1      | Learned a level 1 spell: Slow
  1198 | D:2      | Noticed Jessica
  1202 | D:2      | Killed Jessica
  1203 | D:2      | Reached XP level 4. HP: 9/31 MP: 0/0
  1963 | D:3      | Found a glowing drain.
  2023 | Sewer    | Entered a sewer
  2027 | Sewer    | Reached XP level 5. HP: 26/35 MP: 0/0
  2027 | Sewer    | Learned a level 2 spell: Scorch
  2035 | Sewer    | Slain by a river rat

Illustrated notes

Levels and vault maps discovered:
D:1:      saegor_arrival_fortress, layout_basic
D:2:      layout_loops_ring, kennysheep_cross_bottleneck, chequers_mini_garden,
          minmay_heptomino_l4, uniq_jessica
D:3:      layout_basic, bloody_makhleb, portal_sewer_entry_f, roderic_batcave
Sewer:    sewer_kobolds

Skill      XL: |  1  2 |
---------------+-------+-----
Spellcasting   | 4 |  4.9
Conjurations   | 4 |  4.9
Hexes          | 4 |  4.9
Summonings     | 4 |  4.9
Necromancy     | 4 |  4.9
Translocations | 4 |  4.9
Fire Magic     | 4 |  4.9
Ice Magic      | 4 |  4.9
Air Magic      | 4 |  4.9
Earth Magic    | 4 |  4.9
Alchemy        | 4 |  4.9
Fighting       | |  0.4
Dodging        | |  2.2
Stealth        | |  1.6

Action                     |  1- 3 |  4- 6 || total
---------------------------+-------+-------++-------
   Cast: Magic Dart        |    70 |    28 ||    98
         Searing Ray       |     1 |     4 ||     5
         Iskenderun's Myst |       |     1 ||     1
 Armour: Robe              |       |    13 ||    13
  Dodge: Dodged            |     3 |    14 ||    17

Table legend: (Time is in decaauts)
 A = Elapsed time spent in this place.
 B = Non-inter-level travel time spent in this place.
 C = Inter-level travel time spent in this place.
 D = Time resting spent in this place.
 E = Time spent auto-exploring this place.
 F = Levels seen in this place.
 G = Mean time per level.
                   A        B        C        D        E       F      G
               +--------+--------+--------+--------+--------+-----+--------+
         Total |   2033 |   1979 |     54 |     71 |   1689 |   4 |  508.2 |
       Dungeon |   2022 |   1968 |     54 |     71 |   1689 |   3 |  674.0 |
         Sewer |     11 |     11 |      0 |      0 |      0 |   1 |   11.0 |
               +--------+--------+--------+--------+--------+-----+--------+

Top non-repeatable levels by time:
     D:2: 1016 daAuts
     D:1: 897 daAuts
     D:3: 108 daAuts
   Sewer: 11 daAuts
